 Dungeon Crawl Stone Soup version 0.21.1-1-g345015fe64 (webtiles) character file.

219 Jyngge the Chopper (level 5, -18/47 HPs)
             Began as a Minotaur Fighter on June 23, 2018.
             Demolished by an ogre
             ... wielding a +0 giant spiked club
              (24 damage)
             ... on level 4 of the Dungeon.
             The game lasted 00:10:59 (3527 turns).

Jyngge the Chopper (Minotaur Fighter)               Turns: 3527, Time: 00:11:00

Health: -18/47     AC:  7    Str: 22    XL:     5   Next: 63%
Magic:  4/4        EV:  8    Int:  5    God:
Gold:   203        SH:  9    Dex:  9    Spells: 4/4 levels left

rFire    . . .     SeeInvis .   a - +0 war axe
rCold    . . .     Gourm    .   c - +0 shield
rNeg     . . .     Faith    .   b - +0 scale mail
rPois    .         Spirit   .   (helmet restricted)
rElec    .         Reflect  .   (no cloak)
rCorr    .         Harm     .   (no gloves)
MR       .....                  (no boots)
Stlth    ..........             (no amulet)
HPRegen  0.15/turn              (no ring)
MPRegen  0.09/turn              (no ring)

@: no status effects
A: retaliatory headbutt, horns 2
a: no special abilities


You were on level 4 of the Dungeon.
You were very hungry.

You visited 1 branch of the dungeon, and saw 4 of its levels.

You collected 203 gold pieces.

Inventory:

Hand Weapons
 a - a +0 war axe (weapon)
Armour
 b - a +0 scale mail (worn)
 c - a +0 shield (worn)
 r - a cursed -2 scale mail
 t - a +2 robe of the Archmagi
Jewellery
 g - an uncursed ring of protection from cold {unknown}
 l - an uncursed ring of resist corrosion {unknown}
 q - an uncursed amulet of the gourmand {unknown}
 u - a cursed amulet of inaccuracy {unknown}
 y - a cursed amulet of inaccuracy {unknown}
Wands
 s - a wand of paralysis (15)
Scrolls
 e - 3 scrolls of teleportation {unknown}
 i - 4 scrolls of identify {unknown}
 j - a scroll of immolation {unknown}
 m - a scroll of enchant armour {unknown}
 n - 2 scrolls of remove curse {unknown}
 o - 4 scrolls of magic mapping {unknown}
 p - a scroll of amnesia {unknown}
Potions
 d - 2 potions of might
 h - a potion of resistance {unknown}
 k - 2 potions of lignification {unknown}
 v - a potion of cancellation {unknown}
 w - 2 potions of curing {unknown}
 z - a potion of heal wounds {unknown}
Comestibles
 f - 4 rations
 x - 5 chunks of flesh


   Skills:
 + Level 4.5 Fighting
 + Level 4.8 Axes
 + Level 4.7 Armour
 + Level 0.9 Dodging
 + Level 0.2 Stealth
 + Level 4.7 Shields


You had 4 spell levels left.
You didn't know any spells.

Dungeon Overview and Level Annotations

Branches:
Dungeon (4/15)
 Temple: D:4-7

Altars:

Annotations:
D:4 Evaline's ghost, novice TeFE


Innate Abilities, Weirdness & Mutations

You reflexively headbutt those who attack you in melee.
You have a pair of horns on your head.


Message History

You barely miss the ogre. Your headbutt misses the ogre.
The ogre hits you with a giant spiked club!!
* * * LOW HITPOINT WARNING * * *
You are feeling very hungry.
You closely miss the ogre. You headbutt the ogre.
The ogre is lightly wounded.
You block the ogre's attack.
You completely miss the ogre.
The ogre is lightly wounded.
You block the ogre's attack.
You slash the ogre!
The ogre is heavily wounded.
The ogre barely misses you. You furiously retaliate!
You headbutt the ogre!
Your shield prevents you from hitting the ogre.
The ogre is almost dead.
You barely miss the ogre. Your headbutt misses the ogre.
The ogre is almost dead.
The ogre hits you with a giant spiked club!!
Ouch! That really hurt!
You die...

############
...........#
...........#
.....)...%.#
.......)..######
........O@##...##
.....)....#.....#
.....##'####....#
#.... #...##....#
#... ##...h.....#
.... #....##...##
O.. #...รท##....#
#.....#....#####
#.....#...##...##
#


You could see an ogre.

Vanquished Creatures
  An iguana (D:4)
  Natasha (twice) (D:4)
  Robin (D:2)
  2 adders (D:3)
  2 worms (D:3)
  4 dart slugs
  2 leopard geckos
  13 orcs
  8 bats
  A giant cockroach (D:1)
  13 goblins
  11 hobgoblins
  3 jackals (D:2)
  7 kobolds
  2 quokkas
  A ball python (D:4)
  4 frilled lizards
  9 rats
86 creatures vanquished.

Notes
Turn   | Place    | Note
-------+----------+-------------------------------------------
     0 | D:1      | Jyngge the Minotaur Fighter began the quest for the Orb.
     0 | D:1      | Reached XP level 1. HP: 19/19 MP: 0/0
   199 | D:1      | Reached XP level 2. HP: 25/27 MP: 1/1
   792 | D:2      | Reached XP level 3. HP: 33/33 MP: 2/2
  1128 | D:2      | Noticed Robin
  1150 | D:2      | Killed Robin
  1511 | D:3      | Reached XP level 4. HP: 39/41 MP: 3/3
  2497 | D:4      | Noticed Evaline's ghost (novice TeFE)
  3116 | D:4      | Reached XP level 5. HP: 47/47 MP: 4/4
  3485 | D:4      | Noticed Natasha
  3488 | D:4      | Killed Natasha
  3497 | D:4      | Noticed Natasha
  3511 | D:4      | Noticed an ogre
  3518 | D:4      | Killed Natasha
  3527 | D:4      | Demolished by an ogre

Skill      XL: |  1  2  3  4 |
---------------+-------------+-----
Fighting       | 4 |  4.5
Armour         | 4 |  4.7
Shields        | 4 |  4.7
Axes           | 3 4 |  4.8
Dodging        | |  0.9
Stealth        | |  0.2

Action                   |  1- 3 |  4- 6 || total
-------------------------+-------+-------++-------
Melee: War axe           |    89 |    96 ||   185
       Headbutt          |    12 |    17 ||    29
  Eat: Chunk             |     1 |     3 ||     4
       Ration            |       |     1 ||     1
Armor: Scale mail        |    45 |    42 ||    87
Dodge: Dodged            |    40 |    44 ||    84
Block: Shield            |    40 |    63 ||   103
